 Dungeon Crawl Stone Soup version 0.29-a0-284-gf9362112df (webtiles) character file.

Game seed: 14443431051863695465

2 spaghetti the Vexing (level 1, 0/13 HPs)
             Began as a Vampire Enchanter on Mar 22, 2022.
             Slain by a quokka (4 damage)
             ... on level 1 of the Dungeon.
             The game lasted 00:00:56 (291 turns).

spaghetti the Vexing (Vampire Enchanter)             Turns: 291, Time: 00:00:57

Health: 0/13       AC:  2    Str: 13    XL:     1   Next: 33%
Magic:  3/3        EV: 12    Int: 17    God:
Gold:   9          SH:  0    Dex: 14    Spells: 4/4 levels left

rFire   . . .      SeeInvis +   i - staff of death {!astaff}
rCold   . . .      Faith    .   (no shield)
rNeg    + . .      Spirit   .   b - +0 robe
rPois   .          Reflect  .   (no helmet)
rElec   .          Harm     .   (no cloak)
rCorr   .          Rampage  .   (no gloves)
Will    .....                   (no boots)
Stlth   +++.......              (no amulet)
HPRegen 0.24/turn               g - +6 ring of strength
MPRegen 0.08/turn               (no ring)

@: healing quickly
A: alive, fangs 3, see invisible, vampiric 1
a: Exsanguinate


You were on level 1 of the Dungeon.
You visited 1 branch of the dungeon, and saw 1 of its levels.

You collected 9 gold pieces.


Innate Abilities, Weirdness & Mutations

Your natural rate of healing is accelerated.
You have razor-sharp teeth.
You have supernaturally acute eyesight. (SInv)
You are afflicted with vampirism.


   Skills:
 - Level 1.1 Short Blades
 - Level 2.1 Dodging
 - Level 4.4 Stealth
 * Level 2.0 Spellcasting
 + Level 4.6 Hexes
 + Level 0.0 Ice Magic


You had 4 spell levels left.
You didn't know any spells.
Your spell library contained the following spells:

 Spells                   Type           Power      Damage    Failure   Level
 Confusing Touch          Hex            17%        N/A       9%          3
 Tukima's Dance           Hex            17%        N/A       9%          3
 Ensorcelled Hibernation  Hex/Ice        18%        N/A       11%         2
 Dazzling Flash           Conj/Hex       18%        N/A       22%         3

Inventory:

Hand Weapons
 a - a +1 dagger {short}
Missiles
 d - 70 stones (quivered) {throwing}
 j - 4 boomerangs of dispersal {=f!fthrowing}
Armour
 b - a +0 robe (worn)
Magical Staves
 i - a staff of death (weapon) {!astaff}
   (You found it on level 1 of the Dungeon)
Jewellery
 g - a +6 ring of strength (left hand)
   (You found it on level 1 of the Dungeon)
Scrolls
 e - a scroll of enchant armour {unknown}
Potions
 c - 2 potions of invisibility
 f - a potion of attraction {unknown}
 h - a potion of magic {unknown}

Dungeon Overview and Level Annotations

Branches:
Dungeon (1/15)

Altars:

................#
................#
................# ########
................####......#
.....##............#.####.#
.......#.........#.#.####.#####
...#....#........#............#
....##<..#........#######.###.#
.........#......@.'..####.# #.#
.........#.......r#(.#....# #.#
........#.........###########.###
......##..........# #......
###### ..........# #.#.##.
........#.# #.#.##. ........#.#
#...##. .......#.# #..###.
#......


You could see a quokka.


Message History

Found 19 stones.
Found a staircase leading out of the dungeon.
Okay, then.
A kobold comes into view. It is wielding a +0 short sword.
Unknown command.
Found a stone staircase leading down.
The kobold barely misses you.
You hit the kobold. You closely miss the kobold. Your bite misses the kobold.
The kobold hits you with a +0 short sword. 😕 HP[-1]
You take 1 damage, and now have 12/13 hp.
You closely miss the kobold.
The kobold hits you with a +0 short sword. 😮 HP[-4]
You take 4 damage, and now have 8/13 hp.
MASSIVE DAMAGE!! (PAUSE)
You barely miss the kobold.
The kobold completely misses you. 😮 HP[+1]
You closely miss the kobold. Your bite misses the kobold.
The kobold hits you with a +0 short sword.
* * * LOW HITPOINT WARNING * * *
😨 HP[-4]
You take 4 damage, and now have 5/13 hp.
MASSIVE DAMAGE!! (PAUSE)
You hit the kobold.
You kill the kobold!
You start resting. 😎 HP[+8]
Your hp is fully restored (13).
You see here a +0 short sword {short}.
d - 23 stones {throwing}
d - 42 stones {throwing} (gained 19)
You now have 9 gold pieces.
e - a scroll labelled XOVYFU NOEFUM
f - an emerald potion
g - a +6 ring of strength You feel stronger.
g - a +6 ring of strength (left hand)
h - a black potion You see here a +0 hand axe {axe}.
i - a staff of death {!astaff}
i - a staff of death (weapon)
{!astaff}
Found an escape hatch in the floor.
An endoplasm comes into view.
The endoplasm quivers.
Really attack while wielding your staff of death {!astaff}? [Y]es or [N]o only, please.
Really attack while wielding your staff of death {!astaff}? [Y]es or [N]o only, please.
Really attack while wielding your staff of death {!astaff}?
Okay, then.
You don't know any spells.
Unknown command.
Really attack while wielding your staff of death {!astaff}? [Y]es or [N]o only, please.
Really attack while wielding your staff of death {!astaff}? [Y]es or [N]o only, please.
Really attack while wielding your staff of death {!astaff}?
You hit the endoplasm. The endoplasm misses you.
You hit the endoplasm.
You kill the endoplasm!
Okay, then.
You see here a +0 hand axe {axe}.
As you open the door, it creaks loudly!
There is an open door here.
d - 57 stones {throwing} (gained 15)
d - 70 stones {throwing} (gained 13)
A quokka comes into view.
j - 4 boomerangs of dispersal {=f!fthrowing} A rat comes into view.
You see here 14 stones {throwing}.
The quokka misses you.
There is an open door here.
The quokka barely misses you. The quokka closely misses you.
The rat misses you.
You hit the rat.
You kill the rat!
The quokka barely misses you. The quokka closely misses you.
You completely miss the quokka. The quokka barely misses you.
You hit the quokka but do no damage. You bite the quokka, but do no damage.
The quokka bites you. 😮 HP[-5]
You take 5 damage, and now have 8/13 hp.
MASSIVE DAMAGE!! (PAUSE)
You barely miss the quokka. The quokka bites you.
* * * LOW HITPOINT WARNING * * *
The quokka closely misses you. 😨 HP[-3]
You take 3 damage, and now have 5/13 hp.
MASSIVE DAMAGE!! (PAUSE)
You don't know any spells.
Unknown command.
You closely miss the quokka. The quokka barely misses you.
You barely miss the quokka. The quokka bites you.
* * * LOW HITPOINT WARNING * * *
The quokka bites you but does no damage. 😱 HP[-2]
You take 2 damage, and now have 3/13 hp.
You closely miss the quokka. The quokka bites you.
You die...

Action                   || total
-------------------------++-------
Melee: Staff             ||     9
       Dagger            ||     6
       Bite              ||     1
Armor: Robe              ||     1
Dodge: Dodged            ||    12

Levels and vault maps discovered:
D:1:      dpeg_arrival_solitude, layout_loops_cross, chequers_garden,
          supply_closet_lemuel, nrook_loot_triangle,
          chequers_serial_rivers_micro_e

Notes
Turn   | Place    | Note
-------+----------+-------------------------------------------
     0 | D:1      | spaghetti the Vampire Enchanter began the quest for the
                  | Orb.
     0 | D:1      | Reached XP level 1. HP: 13/13 MP: 3/3
     0 | D:1      | magus.rc [v1.9.6]
   290 | D:1      | HP: 3/13 [quokka (2)]
   291 | D:1      | Slain by a quokka

Vanquished Creatures
  An endoplasm (D:1)
  A kobold (D:1)
  A rat (D:1)
3 creatures vanquished.

Table legend:
 A = Non-vault XP
 B = Vault XP
 C = Vault XP percentage of total XP
 D = Non-vault monster count
 E = Vault monster count
 F = Vault count percentage of total count
                 A         B        C        D         E       F
            +---------+---------+-------+---------+---------+-------
      Total |       4 |       0 |   0.0 |       3 |       0 |   0.0
            +---------+---------+-------+---------+---------+-------
        D:1 |       4 |       0 |   0.0 |       3 |       0 |   0.0
            +---------+---------+-------+---------+---------+-------

Illustrated notes

Table legend:
 A = Kills in this place as a percentage of kills in entire the game.
 B = Kills by you in this place as a percentage of kills by you in the entire game.
 C = Kills by friends in this place as a percentage of kills by friends in the entire game.
 D = Other kills in this place as a percentage of other kills in the entire game.
 E = Experience gained in this place as a percentage of experience gained in the entire game.
 F = Experience gained in this place divided by the number of levels of this place that you have seen.
                   A       B       C       D       E      F
               +-------+-------+-------+-------+-------+----------------------
         Total | 100.0 | 100.0 |   N/A |   N/A | 100.0 |   4.0
       Dungeon | 100.0 | 100.0 |   N/A |   N/A | 100.0 |   4.0
               +-------+-------+-------+-------+-------+----------------------

Table legend: (Time is in decaauts)
 A = Elapsed time spent in this place.
 B = Non-inter-level travel time spent in this place.
 C = Inter-level travel time spent in this place.
 D = Time resting spent in this place.
 E = Time spent auto-exploring this place.
 F = Levels seen in this place.
 G = Mean time per level.
                   A        B        C        D        E       F      G
               +--------+--------+--------+--------+--------+-----+--------+
         Total |    291 |    291 |      0 |     32 |    217 |   1 |  291.0 |
       Dungeon |    291 |    291 |      0 |     32 |    217 |   1 |  291.0 |
               +--------+--------+--------+--------+--------+-----+--------+

Top non-repeatable levels by time:
     D:1: 291 daAuts
